 Dungeon Crawl Stone Soup version 0.30-a0-304-gdc4b735fe1 (webtiles) character file.

Game seed: 6715198829672074463

81 KennySheep the Conjurer (level 4, -3/24 HPs)
             Began as a Deep Elf Conjurer on Oct 21, 2022.
             Slain by a crimson imp (4 damage)
             ... summoned by Natasha
             ... on level 2 of the Dungeon.
             The game lasted 00:05:11 (1714 turns).

KennySheep the Conjurer (Deep Elf Conjurer)         Turns: 1714, Time: 00:05:11

Health: -3/24      AC:  0    Str:  4    XL:     4   Next: 19%
Magic:  11/11      EV: 14    Int: 25    God:
Gold:   65         SH:  0    Dex: 13    Spells: 7/10 levels left

rFire   . . .      SeeInvis .    (weapon currently unavailable)
rCold   . . .      Faith    .    (shield currently unavailable)
rNeg    . . .      Spirit   .    (body armour currently unavailable)
rPois   .          Reflect  .    (helmet currently unavailable)
rElec   .          Harm     .    (cloak currently unavailable)
rCorr   .          Rampage  .    (gloves currently unavailable)
Will    .....                    (boots currently unavailable)
Stlth   ++........               (no amulet)
HPRegen 0.24/turn                (ring currently unavailable)
MPRegen 0.12/turn                (ring currently unavailable)

@: mighty, pig-form (expiring), slowed
A: fast, no casting, small
a: no special abilities


You were on level 2 of the Dungeon.
You were a filthy swine.
You visited 1 branch of the dungeon, and saw 2 of its levels.

You collected 65 gold pieces.

Inventory:

Missiles
 p - a throwing net
Armour
 a - a +0 robe (melded)
 d - a +0 pair of gloves (melded)
 f - a +0 cloak (melded)
 h - a +0 pair of boots (melded)
Jewellery
 o - an amulet of guardian spirit
Wands
 r - a wand of polymorph (10)
Scrolls
 g - 4 scrolls of identify {unknown}
 j - a scroll of enchant armour {unknown}
 k - 2 scrolls of teleportation {unknown}
 m - a scroll of fear {unknown}
 q - a scroll of immolation {unknown}
Potions
 b - a potion of magic
 i - a potion of flight {unknown}
 l - a potion of cancellation {unknown}
 n - a potion of attraction {unknown}
 s - a potion of invisibility {unknown}


   Skills:
 - Level 2.4 Dodging
 - Level 2.4 Stealth
 + Level 3.9 Spellcasting
 * Level 5.4 Conjurations
 + Level 1.9 Translocations


You had 7 spell levels left.
You knew the following spells:

 Your Spells              Type           Power      Damage    Failure   Level
a - Magic Dart            Conj           100%       1d8       1%          1
b - Searing Ray           Conj           64%        2d6       1%          2

Your spell library contained the following spells:

 Spells                   Type           Power      Damage    Failure   Level
 Dazzling Flash           Conj/Hex       36%        N/A       9%          3
 Iskenderun's Mystic Bla  Conj/Tloc      23%        2d6       21%         4
 Frozen Ramparts          Ice            8%         1d2       28%         3
 Fulminant Prism          Conj/Hex       9%         3d7       30%         4
 Ice Form                 Ice/Tmut       4%         N/A       67%         4
 Summon Ice Beast         Ice/Summ       4%         N/A       67%         4


Dungeon Overview and Level Annotations

Branches:
Dungeon (2/15)

Altars:

Annotations:
D:2 Natasha, Terence


Message History

You barely miss Natasha.
Natasha is lightly wounded.
Natasha casts a spell.
You hit Natasha but do no damage.
Natasha is lightly wounded.
Natasha closely misses you. Natasha barely misses you.
You hit Natasha but do no damage.
Natasha is lightly wounded.
The crimson imp misses you.
Natasha casts a spell.
You hit Natasha.
Natasha is moderately wounded.
The crimson imp barely misses you. Natasha closely misses you.
The crimson imp closely misses you.
Okay, then.
You closely miss Natasha.
Natasha is moderately wounded.
Natasha stares at you and mumbles some strange words.
You resist with some effort. The crimson imp closely misses you.
Natasha casts a spell at you. The magic dart hits you!
The crimson imp lashes its tail.
The crimson imp barely misses you.
You closely miss Natasha.
Natasha is moderately wounded.
The crimson imp misses you. Natasha misses you. The crimson imp misses you.
The crimson imp barely misses you.
It was a potion of might.
You feel very mighty all of a sudden.
Your transformation is almost over.
Natasha barely misses you. The crimson imp closely misses you.
The crimson imp barely misses you. Natasha barely misses you.
It was a potion of lignification.
You feel woody for a moment. The crimson imp hits you.
* * * LOW HITPOINT WARNING * * *
The crimson imp hits you.
* * * LOW HITPOINT WARNING * * *
Natasha misses you. The crimson imp hits you.
* * * LOW HITPOINT WARNING * * *
The crimson imp hits you.
You die...

###.......#.##.........
..#.......#.########....
#.........#.########....
####......#.....#.....##
# #...................#
####....................
..#######...............
#.# #.......55......
#.#######.......hh###..
#.#...............# .
....#####.........#
.....##...#.....#.#
........###..#####.~
<.......###)## .~.
.......#....# .~.#
.........#### #≈##
.........#


You could see Natasha and 2 crimson imps.

Vanquished Creatures
  Natasha (D:2)
  3 gnolls
  A dart slug (D:1)
  A worm (D:2)
  2 endoplasms
  A giant cockroach (D:1)
  4 goblins
  A hobgoblin (D:1)
  A kobold (D:1)
  A quokka (D:1)
  A bat (D:2)
  5 frilled lizards
  5 rats
27 creatures vanquished.

Notes
Turn   | Place    | Note
-------+----------+-------------------------------------------
     0 | D:1      | KennySheep the Deep Elf Conjurer began the quest for the
                  | Orb.
     0 | D:1      | Reached XP level 1. HP: 10/10 MP: 6/6
   301 | D:1      | Reached XP level 2. HP: 15/15 MP: 6/8
   304 | D:1      | Learned a level 2 spell: Searing Ray
   518 | D:1      | Reached skill level 1 in Translocations
   959 | D:1      | Reached skill level 5 in Conjurations
  1113 | D:2      | Reached XP level 3. HP: 19/19 MP: 2/10
  1259 | D:2      | Noticed Natasha
  1478 | D:2      | Killed Natasha
  1479 | D:2      | Reached XP level 4. HP: 19/24 MP: 4/11
  1568 | D:2      | Noticed Terence
  1697 | D:2      | Noticed Natasha
  1714 | D:2      | HP: 1/24 [crimson imp[Natasha] (3)]
  1714 | D:2      | Slain by a crimson imp

Illustrated notes

Levels and vault maps discovered:
D:1:      lightli_arrival_maybe_door_vault, layout_loops_corners
D:2:      layout_rooms, chequers_serial_rivers_micro_a, corner_web_ring,
          uniq_terence, uniq_natasha

Skill      XL: |  1  2 |
---------------+-------+-----
Translocations | 1 |  1.9
Conjurations   | 5 |  5.4
Dodging        | |  2.4
Stealth        | |  2.4
Spellcasting   | |  3.9

Action                   |  1- 3 |  4- 6 || total
-------------------------+-------+-------++-------
Melee: Unarmed           |       |    10 ||    10
 Cast: Magic Dart        |    54 |     2 ||    56
       Searing Ray       |     1 |       ||     1
  Use: Potion            |       |     2 ||     2
Dodge: Dodged            |     3 |    19 ||    22

Table legend: (Time is in decaauts)
 A = Elapsed time spent in this place.
 B = Non-inter-level travel time spent in this place.
 C = Inter-level travel time spent in this place.
 D = Time resting spent in this place.
 E = Time spent auto-exploring this place.
 F = Levels seen in this place.
 G = Mean time per level.
                   A        B        C        D        E       F      G
               +--------+--------+--------+--------+--------+-----+--------+
         Total |   1715 |   1653 |     62 |    150 |   1305 |   2 |  857.5 |
       Dungeon |   1715 |   1653 |     62 |    150 |   1305 |   2 |  857.5 |
               +--------+--------+--------+--------+--------+-----+--------+

Top non-repeatable levels by time:
     D:1: 1174 daAuts
     D:2: 540 daAuts
